 Dungeon Crawl Stone Soup version 0.27.1-4-g1640c2035a (webtiles) character file.

Game seed: 1141614501380687550

15 ABBCCCDDDD the Sneak (level 2, -6/24 HPs)
             Began as a Human Delver on Nov 1, 2021.
             Mangled by an iguana (11 damage)
             ... on level 5 of the Dungeon.
             The game lasted 00:00:48 (76 turns).

ABBCCCDDDD the Sneak (Human Delver)                   Turns: 76, Time: 00:00:48

Health: -6/24      AC:  3    Str: 12    XL:     2   Next: 65%
Magic:  2/2        EV: 12    Int: 10    God:
Gold:   0          SH:  0    Dex: 14    Spells: 1/1 levels left

rFire    . . .     SeeInvis .   a - +0 falchion
rCold    . . .     Faith    .   (no shield)
rNeg     . . .     Spirit   .   b - +0 leather armour
rPois    .         Reflect  .   (no helmet)
rElec    .         Harm     .   (no cloak)
rCorr    .         Rampage  .   (no gloves)
Will     .....                  (no boots)
Stlth    +++.......             (no amulet)
HPRegen  0.08/turn              (no ring)
MPRegen  0.08/turn              (no ring)

@: hasted, very quick
A: no striking features
a: no special abilities


You were on level 5 of the Dungeon.
You visited 1 branch of the dungeon, and saw 1 of its levels.

Inventory:

Hand Weapons
 a - a +0 falchion (weapon)
Armour
 b - a +0 leather armour (worn)
Wands
 g - a wand of digging (3)
Scrolls
 c - a scroll of fog
 d - a scroll of magic mapping
 e - a scroll of fear


   Skills:
 + Level 3.1 Fighting
 * Level 2.4 Long Blades
 + Level 0.6 Armour
 + Level 2.2 Dodging
 - Level 5.0 Stealth


You had one spell level left.
You didn't know any spells.
Your spell library was empty.

Dungeon Overview and Level Annotations

Branches:
Dungeon (5/15)
 Temple: D:4-7

Altars:

Annotations:
D:5 exclusion: scorpion


Message History

The hound zombie is heavily damaged.
The hound zombie bites you.
You barely miss the hound zombie.
The hound zombie is heavily damaged.
The hound zombie bites you.
You slash the hound zombie!
The hound zombie is severely damaged.
The hound zombie bites you.
You slash the hound zombie!
You destroy the hound zombie!
You have reached level 2!
An iguana comes into view.
There is a stone staircase leading down here.
An iguana comes into view.
The iguana hisses angrily.
You hit the iguana.
The iguana is moderately wounded.
You hit the iguana.
The iguana is heavily wounded.
The iguana bites you but does no damage.
You barely miss the iguana.
The iguana is heavily wounded.
The iguana bites you.
You hit the iguana.
The iguana is severely wounded.
The iguana barely misses you.
You riposte.
You hit the iguana but do no damage.
The iguana is severely wounded.
You hit the iguana.
The iguana is severely wounded.
You closely miss the iguana.
The iguana is severely wounded.
The iguana closely misses you.
You hit the iguana.
The iguana is almost dead.
The iguana bites you.
* * * LOW HITPOINT WARNING * * *
You hit the iguana.
The iguana is almost dead.
The iguana bites you!
You die...

### ..# #.# #.#
#.# #.# #l# #@#
### ##.# ..#
#..# . #.# #.##
#.# #.# #.#
....###.# #.#
..#...#.# #>#
........###.##
.###....##...###


You could see an iguana.

Levels and vault maps discovered:
D:5:      layout_loops_ring, minmay_temple_entry_offerings,
          minmay_fractal_squares_5

Notes
Turn   | Place    | Note
-------+----------+-------------------------------------------
     0 | D:5      | ABBCCCDDDD the Human Delver began the quest for the Orb.
     0 | D:5      | Reached XP level 1. HP: 18/18 MP: 1/1
    22 | D:5      | Noticed a scorpion
    54 | D:5      | Reached XP level 2. HP: 13/24 MP: 2/2
    76 | D:5      | Mangled by an iguana

Table legend: (Time is in decaauts)
 A = Elapsed time spent in this place.
 B = Non-inter-level travel time spent in this place.
 C = Inter-level travel time spent in this place.
 D = Time resting spent in this place.
 E = Time spent auto-exploring this place.
 F = Levels seen in this place.
 G = Mean time per level.
                   A        B        C        D        E       F      G
               +--------+--------+--------+--------+--------+-----+--------+
         Total |     67 |     67 |      0 |      0 |     37 |   1 |   67.0 |
       Dungeon |     67 |     67 |      0 |      0 |     37 |   1 |   67.0 |
               +--------+--------+--------+--------+--------+-----+--------+

Top non-repeatable levels by time:
     D:5: 67 daAuts

Table legend:
 A = Kills in this place as a percentage of kills in entire the game.
 B = Kills by you in this place as a percentage of kills by you in the entire game.
 C = Kills by friends in this place as a percentage of kills by friends in the entire game.
 D = Other kills in this place as a percentage of other kills in the entire game.
 E = Experience gained in this place as a percentage of experience gained in the entire game.
 F = Experience gained in this place divided by the number of levels of this place that you have seen.
                   A       B       C       D       E      F
               +-------+-------+-------+-------+-------+----------------------
         Total | 100.0 | 100.0 |   N/A |   N/A | 100.0 |  22.0
       Dungeon | 100.0 | 100.0 |   N/A |   N/A | 100.0 |  22.0
               +-------+-------+-------+-------+-------+----------------------

Action                   || total
-------------------------++-------
Melee: Falchion          ||    15
  Use: Potion            ||     1
Armor: Leather armour    ||     2
Dodge: Dodged            ||     3
       Rpst.: Falchion   ||     2

Vanquished Creatures
  A hound zombie (D:5)
1 creature vanquished.
